 Dungeon Crawl Stone Soup version 0.29.1-1-gd02db6906a (webtiles) character file.

Game seed: 921960061751175547

966 Earthwalker the Poker (level 7, -10/57 (61) HPs)
             Began as a Minotaur Fighter on Oct 8, 2022.
             Was an Initiate of Gozag.
             Mangled by a wight
             ... wielding a +2 war axe of freezing
              (11 damage)
             ... on level 6 of the Dungeon.
             The game lasted 00:14:19 (3905 turns).

Earthwalker the Poker (Minotaur Fighter)            Turns: 3905, Time: 00:14:19

HP:   -10/57 (61)   AC:  7    Str: 21    XL:     7   Next: 93%
MP:   8/8           EV: 10    Int:  5    God:    Gozag
Gold: 150           SH:  5    Dex: 11    Spells: 9/9 levels left

rFire   . . .      SeeInvis .   a - +1 trident
rCold   . . .      Faith    .   c - +0 buckler
rNeg    . . .      Spirit   .   b - +0 scale mail
rPois   .          Reflect  .   (helmet restricted)
rElec   .          Harm     .   (no cloak)
rCorr   .          Rampage  .   (no gloves)
Will    .....                   (no boots)
Stlth   ..........              (no amulet)
HPRegen 0.19/turn               (no ring)
MPRegen 0.11/turn               (no ring)

@: drained
A: horns 2, retaliatory headbutt
a: Renounce Religion, Potion Petition, Call Merchant, Bribe Branch


You were on level 6 of the Dungeon.
You worshipped Gozag.
Gozag was aware of your devotion.
You visited 2 branches of the dungeon, and saw 8 of its levels.

You collected 260 gold pieces.
You paid 110 gold pieces to Gozag.

Inventory:

Hand Weapons
 a - a +1 trident (weapon)
Missiles
 f - 6 atropa-tipped darts (quivered)
 h - 8 poisoned darts
 n - 6 javelins
Armour
 b - a +0 scale mail (worn)
 c - a +0 buckler (worn)
 r - a +0 plate armour
Jewellery
 l - a ring of protection from cold
Wands
 m - a wand of light (6)
 o - a wand of charming (6)
Scrolls
 e - a scroll of identify
Potions
 d - a potion of might
 g - a potion of curing
 i - a potion of ambrosia
 j - a potion of experience
 k - a potion of mutation
 p - a potion of heal wounds {unknown}
 s - 2 potions of lignification


   Skills:
 * Level 5.4 Fighting
 * Level 6.6 Polearms
 * Level 5.9 Armour
 * Level 2.4 Dodging
 * Level 4.8 Shields
 * Level 1.5 Spellcasting
 * Level 1.8 Earth Magic


You had 9 spell levels left.
You didn't know any spells.
Your spell library was empty.

Dungeon Overview and Level Annotations

Branches:
Dungeon (7/15)             Temple (1/1) D:6

Altars:
Ashenzari
Cheibriados
Dithmenos
Elyvilon
Gozag
Kikubaaqudgha
Makhleb
Nemelex Xobeh
Qazlal
Sif Muna
Vehumet
Wu Jian
Xom
The Shining One

Shops:
D:6 (

Annotations:
D:7 Joseph


Innate Abilities, Weirdness & Mutations

You have a pair of horns on your head.
You reflexively headbutt those who attack you in melee.


Message History

There is a stone staircase leading up here.
You feel sick.
Reach: a) +1 trident
Press: ? - help, Dir - move target, f - wight
Aim: a wight, wielding a +2 war axe of freezing, wearing a +0 robe and quivering poisoned darts (about 38% to evade your +1 trident)
You reach to attack!
You puncture the wight!
The wight is heavily damaged.
You feel sick.
You feel sick.
The wight hits you with a +2 war axe of freezing!
The wight freezes you.
You climb upwards.
You feel sick.
You are no longer poisoned.
There is a stone staircase leading down here.
You closely miss the wight. You headbutt the wight!
The wight is almost destroyed.
The wight hits you with a +2 war axe of freezing!
You feel drained. The wight freezes you.
You barely miss the wight.
The wight is almost destroyed.
The wight hits you with a +2 war axe of freezing!
You feel drained. The wight freezes you.
* * * LOW HITPOINT WARNING * * *
You hit the wight but do no damage. Your headbutt misses the wight.
The wight is almost destroyed.
You block the wight's attack.
You hit the wight but do no damage.
The wight is almost destroyed.
The wight barely misses you.
You completely miss the wight.
The wight is almost destroyed.
The wight hits you with a +2 war axe of freezing!
* * * LOW HITPOINT WARNING * * *
The wight freezes you.
* * * LOW HITPOINT WARNING * * *
You barely miss the wight.
The wight is almost destroyed.
The wight hits you with a +2 war axe of freezing!
You die...
Your body crumbles into a pile of gold.

..# #.#.###.#.#.# #..# #.#
#.#..)#.#.#.###..############ #.#
#.###)#.#.#.................#
#.###.#...#.#.###############.###
........###.#.# ##.........#.#
........###.#.# #............#
........#.....#############.#####
................................#
.......##.....##@[.......##.##.##
....#.#........#z#####>......#.#
....#.#.#.####.#.# #....#..#.#
....#.#.#....#.#.# #....#..#.#
....#.#+#..#.#.#.# #(...#..#.#
.............#.#.# #....#.<#.#
.............#.#.# #.......#.#
#.##.........#.#.# #....#..#.#
#.##..<........#.# #.#######.##


You could see a wight.

Vanquished Creatures
  A sky beast (D:7)
  4 ogres
  A phantom (D:6)
  2 bullfrogs (D:6)
  A wight (D:6)
  A howler monkey (D:6)
  A jelly (D:6)
  3 orc priests (D:6)
  An iguana (D:5)
  4 adders
  A white imp (D:7)
  2 ufetubi
  A worm (D:5)
  3 dart slugs
  3 orcs (D:6)
  5 ball pythons
  2 endoplasms
  2 giant cockroaches (D:1)
  3 goblins
  4 hobgoblins (D:1)
  6 kobolds
  4 quokkas
  A bat (D:3)
  2 frilled lizards
  2 rats (D:1)
  A butterfly (D:6)
61 creatures vanquished.

Vanquished Creatures (others)
  6 fungi (D:4)
6 creatures vanquished.

Grand Total: 67 creatures vanquished

Notes
Turn   | Place    | Note
-------+----------+-------------------------------------------
     0 | D:1      | Earthwalker the Minotaur Fighter began the quest for the
                  | Orb.
     0 | D:1      | Reached XP level 1. HP: 19/19 MP: 0/0
   258 | D:1      | Reached XP level 2. HP: 27/27 MP: 1/1
   322 | D:1      | Found a faded altar of an unknown god.
   904 | D:3      | Reached XP level 3. HP: 32/33 MP: 2/2
   973 | D:3      | Reached skill level 3 in Polearms
  1126 | D:4      | Noticed an ogre
  1138 | D:4      | Killed an ogre
  1139 | D:4      | Reached skill level 1 in Dodging
  1139 | D:4      | Reached XP level 4. HP: 17/41 MP: 3/3
  1139 | D:4      | Reached XP level 5. HP: 19/47 MP: 4/4
  1324 | D:4      | Found a broken altar of Ashenzari.
  1425 | D:5      | Entered Level 5 of the Dungeon
  1442 | D:5      | Reached skill level 4 in Polearms
  1479 | D:5      | Found a snail-covered altar of Cheibriados.
  1709 | D:6      | Reached skill level 1 in Earth Magic
  1724 | D:6      | Noticed an ogre
  1733 | D:6      | Killed an ogre
  1734 | D:6      | Reached skill level 5 in Armour
  1734 | D:6      | Reached skill level 1 in Spellcasting
  1734 | D:6      | Reached XP level 6. HP: 45/53 MP: 6/6
  1996 | D:6      | Found a staircase to the Ecumenical Temple.
  2001 | Temple   | Entered the Ecumenical Temple
  2016 | Temple   | Became a worshipper of Gozag Ym Sagoz the Greedy
  2044 | D:6      | Reached skill level 5 in Polearms
  2304 | D:6      | Reached skill level 5 in Fighting
  2404 | D:6      | Reached XP level 7. HP: 29/61 MP: 7/7
  2853 | D:6      | Found Cikk's Antique Weapon Emporium.
  3175 | D:7      | Reached skill level 6 in Polearms
  3242 | D:7      | Noticed Joseph
  3904 | D:6      | HP: 1/57 [wight/+2 war axe of freezing (5)]
  3905 | D:6      | Mangled by a wight

Illustrated notes

Levels and vault maps discovered:
D:1:      minmay_arrival_diagonal_passages, layout_basic,
          shapermc_ecumenical_altar_acropolis
D:2:      layout_basic, kennysheep_pointless_box
D:3:      layout_rooms, nicolae_ru_the_path_less_chosen,
          kennysheep_generic_room_12
D:4:      layout_loops_corners, nicolae_yredelemnul_corpse_copse,
          cheibrodos_ashenzari_chains, mainiacjoe_overflow_catch_the_wave,
          serial_aquarium, aquarium_bridge_straight [aquarium_subvault_bridge,
          aquarium_subvault_wall, aquarium_subvault_bridge,
          aquarium_subvault_wall], aquarium_window_corner, aquarium_window_3,
          aquarium_window_1, aquarium_window_fake, aquarium_view_2b,
          aquarium_view_2a, aquarium_balcony_3a, chequers_mini_garden
D:5:      layout_basic, mainiacjoe_overflow_surrounded_room,
          worldfamousw_hep_ancestral_shrine, st_stairs_12
D:6:      layout_basic, minmay_temple_entry_butterflies, serial_shops,
          nicolae_shop_hallway_plus
D:7:      layout_basic, uniq_joseph, uniq_menkaure
Temple:   hellmonk_temple_two_chambers

Skill      XL: |  1  2  3  4  5  6  7 |
---------------+----------------------+-----
Armour         | 4 5 |  5.9
Fighting       | 4 5 |  5.4
Polearms       | 3 4 5 6 |  6.6
Shields        | 4 |  4.8
Dodging        | 1 2 |  2.4
Earth Magic    | 1 |  1.8
Spellcasting   | 1 |  1.5

Action                   |  1- 3 |  4- 6 |  7- 9 || total
-------------------------+-------+-------+-------++-------
Melee: Trident           |    82 |    66 |    56 ||   204
       Headbutt          |     9 |    10 |    10 ||    29
  Use: Scroll            |       |       |     9 ||     9
Armor: Scale mail        |    39 |    14 |    13 ||    66
Dodge: Dodged            |    42 |    23 |    26 ||    91
Block: Buckler           |    18 |    12 |    14 ||    44
